Map: Winter's Gate LE

Players

Zamalia

  • Race: Protoss Protoss
  • League: Master
  • Spawn Location: 11:00

Mez - Winner!

  • Race: Terran Terran
  • League: Master
  • Spawn Location: 5:00

VOD

Have the link to the VOD?

Description

Time

  • Played on: Aug. 22, 2019, 6:57 a.m.
  • Length: 11:58
Show
View Real Time Build Order
Export as new Build Order

Zamalia Protoss 

Build Orders: Double Forge, Dark Templar Rush 

Get SALT Encoding   

  12  0:01  Probe  
  13  0:13  Probe  
  14  0:17  Pylon  
  14  0:25  Probe  
  15  0:36  Gateway, Probe  
  16  0:43  Assimilator  
  16  0:44  Probe  
  17  0:52  Probe, Assimilator  
  18  1:02  Probe  
  18  1:04  Pylon  
  18  1:10  Probe  
  20  1:24  Cybernetics Core  
  20  1:25  Probe  
  21  1:37  Probe  
  22  1:49  Probe  
  23  1:55  Pylon  
  23  1:57  Stalker  
  23  2:01  Warp Gate, Twilight Council  
  23  2:02  Probe  
  26  2:14  Probe  
  27  2:24  Robotics Facility  
  27  2:26  Probe  
  28  2:31  Stalker  
  30  2:44  Dark Shrine  
  30  2:47  Probe  
  31  3:00  Forge x2  
  31  3:05  Probe  
  32  3:06  Observer  
  33  3:17  Gateway  
  33  3:22  Protoss Ground Weapons Level 1  
  33  3:23  Gateway  
  33  3:26  Probe  
  34  3:32  Protoss Ground Armor Level 1  
  34  3:39  Probe  
  35  3:51  Probe  
  36  4:00  Shadow Stride  
  35  4:04  Probe  
  36  4:18  Nexus  
  36  4:22  Probe  
  37  4:26  Pylon  
  37  4:32  Dark Templar  
  39  4:44  Probe  
  39  4:45  Pylon  
  40  4:56  Nexus  
  40  4:59  Probe  
  41  5:08  Dark Templar  
  41  5:12  Probe  
  44  5:24  Probe  
  44  5:32  Assimilator, Dark Templar  
  44  5:34  Assimilator  
  46  5:42  Protoss Ground Armor Level 2  
  46  5:46  Probe  
  46  5:47  Dark Templar  
  46  5:49  Probe  
  49  5:50  Protoss Ground Weapons Level 2  
  49  5:54  Probe  
  50  6:02  Pylon, Probe  
  52  6:04  Probe  
  53  6:14  Probe x2  
  53  6:16  Probe  
  56  6:23  Pylon  
  56  6:26  Probe x2  
  56  6:27  Dark Templar  
  56  6:28  Probe  
  61  6:33  Assimilator  
  61  6:37  Assimilator, Dark Templar  
  61  6:38  Probe  
  61  6:39  Probe  
  65  6:45  Dark Templar  
  68  6:54  Probe x2  
  68  6:55  Probe  
  70  7:01  Gateway  
  70  7:02  Gateway  
  70  7:05  Dark Templar  
  70  7:06  Probe x2  
  70  7:07  Probe  
  75  7:10  Dark Templar  
  77  7:18  Probe x2  
  77  7:22  Probe, Dark Templar  
  79  7:26  Probe  
  82  7:30  Probe x2  
  82  7:36  Nexus  
  85  7:41  Dark Templar  
  85  7:44  Dark Templar  
  89  7:46  Probe  
  89  7:47  Probe  
  91  7:55  Dark Templar x2  
  91  7:58  Pylon, Probe  
  95  7:59  Probe x2  
  95  8:03  Dark Templar  
  100  8:13  Nexus  
  100  8:16  Pylon  
  100  8:19  Dark Templar  
  102  8:28  Dark Templar x3  
  98  8:37  Photon Cannon  
  98  8:42  Dark Templar  
  98  8:43  Protoss Ground Weapons Level 3  
  99  8:52  Photon Cannon  
  99  8:57  Protoss Ground Armor Level 3  
  99  8:59  Probe x2  
  99  9:00  Photon Cannon  
  99  9:01  Probe x2  
  101  9:07  Probe  
  103  9:12  Probe, Dark Templar  
  103  9:13  Probe  
  103  9:15  Probe  
  109  9:19  Dark Templar  
  109  9:23  Dark Templar  
  113  9:31  Dark Templar  
  113  9:33  Probe x2  
  113  9:34  Gateway, Probe  
  113  9:35  Probe  
  113  9:37  Probe  
  120  9:45  Probe x2  
  84  10:02  Dark Templar  
  84  10:03  Dark Templar x3  
  84  10:06  Assimilator x2  
  84  10:11  Dark Templar  
  84  10:16  Gateway  
  84  10:18  Pylon  
  84  10:20  Gateway  
  84  10:21  Probe x4  
  87  10:22  Probe  
  89  10:29  Probe  
  89  10:30  Probe, Dark Templar x3  
  89  10:33  Probe x2  
  89  10:34  Probe  
  100  10:37  Dark Templar  
  100  10:38  Probe  
  100  10:40  Probe  
  103  10:45  Probe x2  
  103  10:46  Probe  
  103  10:50  Dark Templar  
  103  10:52  Zealot  
  103  11:04  Dark Templar x2  
  103  11:10  Gateway  
  105  11:12  Assimilator  
  105  11:13  Gateway  
  105  11:14  Assimilator  
  105  11:16  Gateway  
  80  11:33  Dark Templar x3  
  80  11:36  Dark Templar x2  
  80  11:39  Zealot x2  
  90  11:47  Gateway  
Show
View Real Time Build Order
Export as new Build Order

Mez Terran - Winner!

Build Orders: Reaper Expand 

Get SALT Encoding   

  12  0:00  SCV  
  13  0:12  SCV  
  14  0:17  Supply Depot  
  14  0:25  SCV  
  15  0:38  SCV  
  15  0:40  Barracks  
  16  0:45  Refinery  
  16  0:50  SCV  
  17  1:05  SCV  
  18  1:17  SCV  
  19  1:29  Reaper  
  19  1:30  Orbital Command  
  20  1:39  Command Center  
  20  1:46  Bunker  
  20  1:56  Supply Depot  
  20  1:58  SCV  
  21  2:02  Marine  
  22  2:10  SCV  
  23  2:22  Barracks Reactor  
  23  2:23  SCV  
  24  2:35  Command Center  
  24  2:38  SCV  
  25  2:44  Factory  
  25  2:49  Refinery  
  25  2:55  Orbital Command  
  25  3:01  SCV  
  25  3:02  Marine  
  25  3:03  Marine  
  28  3:13  SCV  
  29  3:20  Marine  
  29  3:21  Marine  
  29  3:25  SCV  
  29  3:26  Bunker  
  32  3:29  SCV  
  32  3:32  Widow Mine  
  35  3:38  Starport  
  35  3:45  SCV x2  
  37  3:52  Orbital Command  
  37  3:54  Marine x2  
  37  3:55  Factory Tech Lab  
  39  4:05  SCV x2  
  41  4:13  Refinery  
  41  4:14  Siege Tank  
  41  4:15  Starport Tech Lab  
  41  4:16  Marine x2  
  46  4:17  SCV x2  
  46  4:22  Supply Depot, SCV  
  49  4:29  SCV x2  
  51  4:33  Marine  
  51  4:35  Marine  
  51  4:38  Raven  
  55  4:40  SCV  
  55  4:41  SCV  
  55  4:42  Barracks  
  57  4:53  Siege Tank  
  57  4:54  Marine x2  
  62  5:00  SCV x2  
  62  5:05  Supply Depot  
  62  5:06  Barracks  
  64  5:09  Engineering Bay  
  64  5:10  SCV, Engineering Bay  
  64  5:12  SCV  
  66  5:17  Marine x2  
  66  5:18  SCV  
  69  5:26  SCV x2  
  71  5:29  Siege Tank  
  71  5:30  SCV  
  75  5:38  Terran Infantry Armor Level 1, Terran Infantry Weapons Level 1  
  75  5:39  Marine x2  
  75  5:40  Starport Reactor  
  77  5:45  Refinery, Missile Turret  
  77  5:50  SCV x3, Marine  
  77  5:52  Supply Depot  
  81  5:59  Supply Depot  
  81  6:01  Supply Depot  
  81  6:02  SCV x2  
  83  6:10  Factory Reactor  
  83  6:18  Supply Depot  
  83  6:19  Marauder x2, Marine x2  
  83  6:22  Combat Shield, Stimpack  
  83  6:25  Orbital Command  
  89  6:37  Missile Turret  
  89  6:48  Marauder x2, Marine x2  
  89  6:50  Widow Mine, Supply Depot  
  89  6:51  Barracks  
  89  6:52  Barracks  
  89  6:53  Supply Depot  
  97  7:00  SCV x3  
  100  7:06  Medivac x2  
  100  7:07  Marine  
  100  7:08  Marine  
  106  7:12  SCV  
  106  7:15  Armory  
  106  7:23  Missile Turret  
  106  7:24  SCV x3, Missile Turret  
  109  7:30  Supply Depot x2  
  109  7:36  SCV x2  
  111  7:39  Marauder x2  
  111  7:40  Barracks Reactor  
  111  7:41  Barracks Tech Lab  
  115  7:49  Marine x2  
  117  7:54  Widow Mine x2  
  117  7:56  Ghost Academy  
  121  8:01  Marauder x2  
  121  8:02  Marauder  
  121  8:05  SCV x3  
  130  8:07  Marine x2  
  130  8:08  Refinery x2  
  130  8:09  Medivac x2  
  130  8:11  Concussive Shells  
  136  8:12  Terran Infantry Weapons Level 2  
  136  8:13  Terran Infantry Armor Level 2  
  136  8:16  Marine  
  136  8:17  Marine  
  138  8:22  Marine x2  
  140  8:35  Marine x3  
  140  8:36  Marauder  
  140  8:40  Marauder x2  
  146  8:45  Widow Mine  
  145  8:49  Command Center  
  143  8:57  Ghost  
  143  9:01  Ghost  
  143  9:02  Medivac  
  149  9:15  Supply Depot  
  149  9:16  Supply Depot  
  149  9:17  Supply Depot, Missile Turret  
  149  9:18  Supply Depot  
  149  9:23  Medivac, SCV x3  
  146  9:32  Marine x2  
  146  9:34  Ghost x3  
  146  9:35  SCV, Marine x2  
  146  9:36  SCV x2  
  159  9:40  Terran Ship Weapons Level 1  
  159  9:41  Medivac  
  159  9:43  Barracks x2  
  159  9:44  Barracks  
  161  9:48  SCV  
  138  9:57  Marine x4  
  130  10:03  Marine x3  
  131  10:15  Marine x2  
  131  10:17  Marine x2  
  131  10:18  Medivac x2  
  131  10:20  Widow Mine x2  
  143  10:21  Missile Turret  
  143  10:24  Marauder x3  
  143  10:25  Starport  
  149  10:33  Planetary Fortress  
  149  10:35  Refinery  
  149  10:37  Barracks Reactor, Refinery  
  149  10:38  Barracks Tech Lab x2, Marine x2  
  149  10:39  Marine x2  
  149  10:41  Widow Mine  
  149  10:42  Widow Mine  
  157  10:45  Marine  
  152  10:54  Marauder x2  
  152  10:56  Marine x3  
  159  11:00  Marauder, Marine  
  159  11:01  Marauder  
  159  11:03  Marauder  
  166  11:14  Marine x3  
  166  11:15  Marauder x2  
  166  11:18  Marine  
  173  11:19  Marine x2  
  173  11:21  Marine x2  
  173  11:23  Starport Reactor  
  173  11:24  Ghost  
  180  11:31  Starport  
  180  11:32  Marine x3  
  175  11:36  Fusion Core  
Tags
 
Add a new tag
Caveats
  • Supply blocks, unpowered buildings, or Contaminate may cause inaccurate times.
  • Supply counts are checked every 10 seconds.